 Dungeon Crawl Stone Soup version 0.30-a0-672-gc3a7216ad8 (webtiles) character file.

Game seed: 6057610873874135394

282 Dittersdorf the Shield-Bearer (level 6, -1/39 HPs)
             Began as a Gargoyle Fighter on Jan 18, 2023.
             Slain by a gnoll
             ... wielding a +0 whip
             ... led by a gnoll bouda
              (4 damage)
             ... on level 4 of the Dungeon.
             The game lasted 00:04:15 (2887 turns).

Dittersdorf the Shield-Bearer (Gargoyle Fighter)    Turns: 2887, Time: 00:04:15

Health: -1/39      AC: 14    Str: 22    XL:     6   Next: 28%
Magic:  6/6        EV:  7    Int: 14    God:
Gold:   154        SH:  4    Dex:  9    Spells: 5/5 levels left

rFire   . . .      SeeInvis .    r - +2 whip of Disorder {flame, *Noise rPois rN+}
rCold   . . .      Faith    .    c - +0 buckler
rNeg    + + .      Spirit   .    l - +0 chain mail
rPois   ∞          Reflect  .    (no helmet)
rElec   +          Harm     .    (no cloak)
rCorr   .          Rampage  .    (no gloves)
Will    .....                    (no boots) Stlth
                                 (no amulet)
HPRegen 0.26/turn                g - +6 ring of intelligence
MPRegen 0.10/turn                (no ring)

@: no status effects
A: sickness immunity, AC +4, negative energy resistance 1, electricity
resistance, torment resistance 1, petrification resistance
a: no special abilities


You were on level 4 of the Dungeon.
You visited 1 branch of the dungeon, and saw 4 of its levels.

You collected 154 gold pieces.

Inventory:

Hand Weapons
 a - a +1 flail
 r - the +2 whip of Disorder (weapon) {flame, *Noise rPois rN+}
   (You found it on level 3 of the Dungeon)

   rPois:     It protects you from poison.
   rN:        It protects you from negative energy.
   *Noise:    It may make noises in combat.
Missiles
 o - 6 poisoned darts (quivered)
Armour
 c - a +0 buckler (worn)
 l - a +0 chain mail (worn)
Jewellery
 g - a +6 ring of intelligence (left hand)
Scrolls
 b - a scroll of poison
 k - a scroll of enchant weapon
 m - a scroll of blinking
Potions
 d - a potion of might
 e - 2 potions of degeneration {unknown}
 i - a potion of curing {unknown}
 j - a potion of flight {unknown}
 p - 2 potions of resistance {unknown}


   Skills:
 + Level 4.6 Fighting
 + Level 3.6 Maces & Flails
 + Level 4.6 Armour
 + Level 4.7 Shields


You had 5 spell levels left.
You didn't know any spells.
Your spell library contained the following spells:

 Spells                   Type           Power      Damage    Failure   Level
 Olgreb's Toxic Radiance  Pois           0%         N/A       100%        4
 Ozocubu's Refrigeration  Ice            0%         4d7       100%        7
 Ignition                 Fire           0%         3d3       100%        8


Dungeon Overview and Level Annotations

Branches:
Dungeon (4/15)
 Temple: D:4-7

Altars:
Kikubaaqudgha


Innate Abilities, Weirdness & Mutations

You are immune to sickness and miasma.
Your stone body is resilient. (AC +4)
You are immune to poison.
You resist negative energy. (rN+)
You are resistant to electric shocks. (rElec)
You are resistant to unholy torment.
You are immune to petrification.


Message History

The gnoll picks up the pace!
You hit the gnoll bouda. You burn the gnoll bouda.
You kill the gnoll bouda!
You hit the gnoll but do no damage.
Your attacks no longer feel as feeble.
You block the gnoll's attack.
The gnoll hits you from afar with a +0 spear.
You hit the gnoll. You burn the gnoll.
The gnoll is moderately wounded.
The gnoll hits you with a +0 flail. The gnoll closely misses you.
You hit the gnoll. You burn the gnoll.
The gnoll is heavily wounded.
The gnoll barely misses you. The gnoll hits you but does no damage.
You barely miss the gnoll.
The gnoll is heavily wounded.
The gnoll hits you with a +0 flail.
* * * LOW HITPOINT WARNING * * *
A goblin comes into view. It is wielding a +0 club.
The gnoll hits you but does no damage.
You whack the gnoll! You burn the gnoll.
You kill the gnoll!
You block the gnoll's attack.
You barely miss the gnoll. You block the gnoll's attack.
The gnoll hits you but does no damage.
You closely miss the gnoll. The gnoll completely misses you.
You block the gnoll's attack.
The gnoll hits you from afar with a +0 spear.
* * * LOW HITPOINT WARNING * * *
You closely miss the gnoll. The gnoll barely misses you.
The gnoll closely misses you.
The gnoll hits you from afar with a +0 spear.
* * * LOW HITPOINT WARNING * * *
You barely miss the gnoll. You block the gnoll's attack.
The gnoll hits you but does no damage. x2
You hit the gnoll. You burn the gnoll.
The gnoll is heavily wounded.
The gnoll hits you from afar with a +0 spear.
* * * LOW HITPOINT WARNING * * *
The gnoll hits you with a +0 whip.
You die...

#.# . # # ... .# #. #.#
... # .. . ##'## #.# #.
##. #.##...## #.# # .. ..
..#.....## #.### ...#.#.
##.......###.##.
P.....g###.........##....
.....ggg@'.........).....
......####.........####..
..... ##.......## ##.
.... ##....†## ## ...
##...## .. ##'## . #.#
#.# ##.##


You could see 3 gnolls and a goblin.

Vanquished Creatures
  A scorpion (D:4)
  A jelly (D:4)
  A gnoll bouda (D:4)
  An orc wizard (D:2)
  2 adders (D:2)
  A gnoll (D:4)
  2 worms (D:2)
  13 dart slugs
  6 orcs
  8 ball pythons
  8 bats
  5 endoplasms
  3 giant cockroaches
  6 goblins
  2 hobgoblins (D:3)
  2 jackals (D:3)
  5 kobolds
  3 quokkas (D:1)
  6 rats
76 creatures vanquished.

Vanquished Creatures (others)
  17 plants (D:4)
17 creatures vanquished.

Grand Total: 93 creatures vanquished

Notes
Turn   | Place    | Note
-------+----------+-------------------------------------------
     0 | D:1      | Dittersdorf the Gargoyle Fighter began the quest for the
                  | Orb.
     0 | D:1      | Reached XP level 1. HP: 14/14 MP: 1/1
     3 | D:1      | Noticed a minotaur skeleton
   178 | D:1      | Reached XP level 2. HP: 15/19 MP: 2/2
   470 | D:1      | Reached XP level 3. HP: 23/23 MP: 3/3
   719 | D:2      | Reached XP level 4. HP: 29/29 MP: 4/4
  1466 | D:3      | Found an ancient bone altar of Kikubaaqudgha.
  1618 | D:3      | Identified the +2 whip of Disorder {flame, *Noise rPois
                  | rN+}
  1704 | D:3      | Reached XP level 5. HP: 32/33 MP: 5/5
  2802 | D:4      | Reached XP level 6. HP: 34/39 MP: 6/6
  2887 | D:4      | Slain by a gnoll

Illustrated notes

Levels and vault maps discovered:
D:1:      shiori_arrival_whats_in_store_for_you, layout_basic
D:2:      layout_loops_ring
D:3:      kennysheep_slugbush, layout_loops_corners, mainiacjoe_overflow_paths,
          minmay_misc_feat_plants
D:4:      layout_loops_corners, mainiacjoe_overflow_alcove_2,
          nicolae_grassy_gnolls

Skill      XL: |  1  2  3  4 |
---------------+-------------+-----
Fighting       | 4 |  4.6
Armour         | 4 |  4.6
Shields        | 4 |  4.7
Maces & Flails | 3 |  3.6

Action                   |  1- 3 |  4- 6 || total
-------------------------+-------+-------++-------
Melee: Flail             |   103 |    70 ||   173
       Whip              |       |    88 ||    88
  Use: Scroll            |       |     9 ||     9
Armor: Scale mail        |    55 |       ||    55
       Chain mail        |       |    98 ||    98
Dodge: Dodged            |    64 |    53 ||   117
Block: Buckler           |    25 |    31 ||    56

Table legend: (Time is in decaauts)
 A = Elapsed time spent in this place.
 B = Non-inter-level travel time spent in this place.
 C = Inter-level travel time spent in this place.
 D = Time resting spent in this place.
 E = Time spent auto-exploring this place.
 F = Levels seen in this place.
 G = Mean time per level.
                   A        B        C        D        E       F      G
               +--------+--------+--------+--------+--------+-----+--------+
         Total |   2945 |   2856 |     89 |    233 |   1956 |   4 |  736.2 |
       Dungeon |   2945 |   2856 |     89 |    233 |   1956 |   4 |  736.2 |
               +--------+--------+--------+--------+--------+-----+--------+

Top non-repeatable levels by time:
     D:3: 1103 daAuts
     D:2: 824 daAuts
     D:1: 681 daAuts
     D:4: 336 daAuts
